 Dungeon Crawl Stone Soup version 0.24.0-13-gcf9b3192b9 (webtiles) character file.

Game seed: 5071897203724362491, levelgen mode: deterministic

56 Esekla the Charmwright (level 3, -2/20 HPs)
             Began as a Deep Elf Skald on Nov 6, 2019.
             Slain by a centaur skeleton (6 damage)
             ... on level 2 of the Dungeon.
             The game lasted 00:08:21 (992 turns).

Esekla the Charmwright (Deep Elf Skald)              Turns: 992, Time: 00:08:21

Health: -2/20      AC:  3    Str:  8    XL:     3   Next: 71%
Magic:  8/9        EV: 13    Int: 17    God:
Gold:   30         SH:  0    Dex: 15    Spells: 3/8 levels left

rFire    . . .     SeeInvis .   c - +2 dagger (speed)
rCold    . . .     Gourm    .   (no shield)
rNeg     . . .     Faith    .   b - +0 leather armour
rPois    .         Spirit   .   (no helmet)
rElec    .         Reflect  .   (no cloak)
rCorr    .         Harm     .   (no gloves)
MR       .....                  (no boots)
Stlth    +.........             (no amulet)
HPRegen  0.06/turn              (no ring)
MPRegen  0.11/turn              (no ring)

@: singing
A: no striking features
a: no special abilities


You were on level 2 of the Dungeon.
You were hungry.

You visited 1 branch of the dungeon, and saw 2 of its levels.

You collected 30 gold pieces.

Inventory:

Hand Weapons
 a - a +0 falchion
 c - a +2 dagger of speed (weapon)
Armour
 b - a +0 leather armour (worn)
Scrolls
 e - 4 scrolls of identify {unknown}
 f - a scroll of amnesia {unknown}
 g - a scroll of enchant armour {unknown}
 h - a scroll of blinking {unknown}
Potions
 i - a potion of resistance {unknown}
 j - a potion of mutation {unknown}
 k - a potion of agility {unknown}
Comestibles
 d - 4 rations


   Skills:
 - Level 1.5 Fighting
 * Level 1.6(2.3) Short Blades
 + Level 2.1(2.3) Long Blades
 + Level 1.3 Armour
 * Level 3.2 Dodging
 + Level 0.5 Stealth
 - Level 3.0 Spellcasting
 - Level 4.4 Charms
 * Level 0.9 Translocations


You had 3 spell levels left.
You knew the following spells:

 Your Spells              Type           Power        Failure   Level  Hunger
a - Infusion              Chrm           ###.         4%          1    None
b - Shroud of Golubria    Chrm/Tloc      ##....       12%         2    ##.....
c - Song of Slaying       Chrm           ###.....     6%          2    ##.....

Your spell library contained the following spells:

 Spells                   Type           Power        Failure   Level  Hunger
 Regeneration             Chrm/Necr      ##........   30%         3    ###....
 Spectral Weapon          Hex/Chrm       ##......     30%         3    ###....


Dungeon Overview and Level Annotations

Branches:
Dungeon (2/15)

Altars:
Uskayaw


Message History

You puncture the jackal!
You kill the jackal!
Your shroud unravels.
You puncture the hobgoblin!
You kill the hobgoblin!
Items here: ) ††† a cursed -2 club; a jackal corpse x3
The goblin hits you.
You puncture the goblin!
You kill the goblin!
You are feeling hungry.
Things that are here:
a +0 hunting sling; 14 stones; a goblin corpse The centaur skeleton hits you. x2
* * * LOW HITPOINT WARNING * * *
Found a stone staircase leading down.
You hit the centaur skeleton.
The centaur skeleton is lightly damaged.
The centaur skeleton hits you.
You die...

#.# ###### ##.# #>....
.. #... #..... #... #..#
#..... #... #[.#
#.....########..# #...
#(.(..+.)....#..## #.##
#....Z###....#...###...
#.....@.)..........)...
....#.####..8.......8.#.
. #.............)...#.
######..8.......8.#.
+...........).....#
######..8..._...8...
+[.........###......
#######.#........###
#.###....#.#


You could see a centaur skeleton.

Vanquished Creatures
  An adder (D:2)
  4 giant cockroaches
  3 hobgoblins
  9 jackals
  7 kobolds
  A quokka (D:2)
  5 bats
  A frilled lizard (D:1)
  6 goblins
  5 rats
42 creatures vanquished.

Notes
Turn   | Place    | Note
-------+----------+-------------------------------------------
     0 | D:1      | Esekla the Deep Elf Skald began the quest for the Orb.
     0 | D:1      | Reached XP level 1. HP: 12/12 MP: 6/6
   167 | D:1      | Reached XP level 2. HP: 11/16 MP: 4/8
   384 | D:1      | Reached skill level 1 in Short Blades
   765 | D:1      | Learned a level 2 spell: Shroud of Golubria
   768 | D:1      | Learned a level 2 spell: Song of Slaying
   805 | D:2      | Reached XP level 3. HP: 16/20 MP: 9/9
   831 | D:2      | Reached skill level 1 in Armour
   896 | D:2      | Found a hide-covered altar of Uskayaw.
   992 | D:2      | Slain by a centaur skeleton

Levels and vault maps discovered:
D:1:      minmay_arrival_solitary_statue, layout_rooms
D:2:      layout_basic, eat_drink_and_be_merry_uskayaw, first_ration

Skill      XL: |  1  2  3 |
---------------+----------+-----
Long Blades    | 2 |  2.1
Dodging        | 3 |  3.2
Short Blades   | 1 |  1.6
Armour         | 1 |  1.3
Fighting       | |  1.5
Stealth        | |  0.5
Spellcasting   | |  3.0
Charms         | |  4.4
Translocations | |  0.9

Action                   || total
-------------------------++-------
Melee: Dagger            ||   145
       Falchion          ||     6
 Cast: Infusion          ||     3
       Shroud of Golubri ||     2
       Song of Slaying   ||     1
Armor: Leather armour    ||    23
Dodge: Dodged            ||    66
       Rpst.: Falchion   ||     1
